AoeStats
← wolololigma

Highland

504389865Analyzed
2v2 RM · 26d ago on Sep 5, 2026· 63m 15s· 4 players
Game mode
Random Map
Map size
Medium (4 player)
Population
200
Speed
Normal
Resources
Standard
Victory
Conquest
Starting age
Dark Age
Ending age
Imperial Age
RankedLock teamsTeams togetherTeam positionsShared explorationLock speedFull tech treeHidden civsTurbo modeCheats
Victory
Defeat
🇺🇸 Teutons · United States
1101
+14
🇺🇸 Malay · United States
1077
+15
1069
-15
🇹🇼 Khitans · Taiwan
1041
-14
TaiwanSemiconductorManufacturing
3:13 Loom
12:33 Feudal Age
13:50 Wheelbarrow
18:41 Castle Age
16:56 Fishing Lines
20:18 Double-Bit Axe
24:57 Horse Collar
25:57 Gold Mining
25:57 Stone Mining
26:14 Heavy Plow
27:20 Fletching
28:10 Grand Trunk Road
28:52 Bow Saw
29:43 Hand Cart
31:21 Gold Shaft Mining
33:58 Imperial Age
31:30 Town Watch
33:24 Stone Shaft Mining
32:52 Town Patrol
33:50 Scale Barding Armor
33:56 Forging
34:22 Husbandry
34:33 Bloodlines
34:23 Husbandry
34:31 Scale Mail Armor
34:51 Chain Barding Armor
34:17 Heavy Camel Rider
36:21 Chain Mail Armor
38:32 Two-Man Saw
38:33 Shatagni
38:54 Conscription
40:18 Plate Barding Armor
40:19 Iron Casting
39:18 Imperial Camel Rider
43:19 Caravan
43:49 Coinage
45:54 Caravan
46:24 Banking
50:43 Chemistry
49:05 Light Cavalry
50:48 Blast Furnace
54:05 Hussar
57:36 Blast Furnace
56:31 Bodkin Arrow
56:36 Padded Archer Armor
56:32 Bodkin Arrow
56:37 Padded Archer Armor
57:17 Thumb Ring
57:17 Thumb Ring
57:46 Redemption
Player Disconnected.
0:36 Loom
13:33 Feudal Age
18:22 Double-Bit Axe
21:13 Castle Age
19:56 Fishing Lines
22:35 Domestication
22:50 Stone Mining
22:55 Gold Mining
23:24 Medium Warships
25:27 Fletching
28:13 Scale Mail Armor
28:24 Forging
28:07 Town Watch
29:04 Wheelbarrow
29:13 Thumb Ring
29:13 Arson
29:29 Squires
29:14 Gambesons
31:36 Chain Mail Armor
31:57 Iron Casting
34:13 Imperial Age
34:27 Bodkin Arrow
34:33 Padded Archer Armor
35:31 Conscription
36:23 Leather Archer Armor
36:19 Scale Barding Armor
37:29 Elite Skirmisher
39:17 Pastoralism
39:31 Bow Saw
41:40 Heavy Cavalry Archer
43:54 Parthian Tactics
44:00 Parthian Tactics
48:27 Ballistics
49:08 Chemistry
55:34 Caravan
57:02 Bracer
57:18 Leather Archer Armor
58:57 Husbandry
59:07 Light Cavalry
60:09 Murder Holes
59:41 Hussar
Squatch360
1:54 Loom
11:52 Feudal Age
12:06 Double-Bit Axe
13:59 Wheelbarrow
18:59 Castle Age
17:49 Horse Collar
19:06 Medium Warships
22:21 Hand Cart
23:55 Fishing Lines
25:08 Thalassocracy
26:01 Gillnets
27:27 Fletching
28:52 Bow Saw
30:07 Forging
30:03 Scale Barding Armor
31:12 Ballistics
31:20 Husbandry
34:10 Bodkin Arrow
34:50 Iron Casting
37:37 Imperial Age
36:19 Man-at-Arms
36:59 Squires
38:10 Blast Furnace
37:11 Bracer
37:18 Long Swordsman
39:17 Chemistry
38:22 Siege Engineers
39:44 Heavy Warships
40:31 Conscription
40:47 Masonry
41:43 Forced Levy
41:21 Elite Cannon Galleon
42:42 Two-Handed Swordsman
45:25 Treadmill Crane
49:49 Heavy Plow
49:51 Arson
50:27 Elite Battle Elephant
51:57 Padded Archer Armor
54:48 Town Watch
55:30 Careening
55:32 Clinker Construction
55:37 Careening
61:14 Caravan
wolololigma
3:11 Loom
11:07 Feudal Age
14:00 Horse Collar
16:14 Double-Bit Axe
18:31 Wheelbarrow
18:45 Fletching
21:04 Stone Mining
21:07 Gold Mining
24:45 Castle Age
25:25 Scale Mail Armor
25:40 Forging
25:31 Padded Archer Armor
26:14 Arson
26:34 Squires
25:55 Pikeman
25:58 Elite Skirmisher
29:13 Hand Cart
32:35 Scale Barding Armor
33:17 Crossbowman
37:04 Imperial Age
36:37 Bow Saw
37:18 Bodkin Arrow
37:39 Leather Archer Armor
38:19 Ballistics
38:32 Conscription
40:27 Caravan
43:09 Crenellations
52:25 Elite Teutonic Knight
57:37 Cavalier
58:53 Ring Archer Armor
58:58 Iron Casting
63:22 Siege Engineers
Connection lost

Rejoining the realm…

Still unreachable

The connection could not be restored.

Session expired

The server has moved on; the page needs a fresh start.